 Dungeon Crawl Stone Soup version 0.17.1-1-g73c8601 (webtiles) character file.

15052 Rex the Cleaver (level 11, 0/97 HPs)
             Began as a Minotaur Fighter on Dec 15, 2015.
             Was a High Priest of Okawaru.
             Slain by a seven-headed hydra (2 damage)
             ... on level 2 of the Lair of Beasts.
             The game lasted 00:40:08 (15034 turns).

Rex the Cleaver (Minotaur Fighter)                 Turns: 15034, Time: 00:40:09

Health: 0/97       AC: 12    Str: 24    XL:     11   Next: 96%
Magic:  10/10      EV: 10    Int:  7    God:    Okawaru [*****.]
Gold:   829        SH: 13    Dex: 10    Spells: 0 memorised, 10 levels left

rFire  . . .     SeeInvis .     d - +11 trident "Dory" {holy, rPois Int+2}
rCold  + . .     Clarity  .     p - +0 chain mail
rNeg   + . .     SustAt   .     c - +1 shield
rPois  +         Gourm    .     (helmet restricted)
rElec  .         Spirit   .     (no cloak)
rCorr  .         Warding  .     (no gloves)
rMut   .         Stasis   .     (no boots)
MR     .....                    (no amulet)
Stlth  ..........               D - ring of protection from cold
                                q - ring of positive energy

@: not resistant to hostile enchantments, extremely unstealthy
A: retaliatory headbutt, horns 2
a: Heroism, Finesse, Renounce Religion


You were on level 2 of the Lair of Beasts.
You worshipped Okawaru.
Okawaru was extremely pleased with you.
You were not hungry.

You visited 3 branches of the dungeon, and saw 14 of its levels.

You collected 829 gold pieces.

Inventory:

Hand Weapons
 d - the +11 trident "Dory" (weapon) {holy, rPois Int+2}
   (Okawaru gifted it to you on level 2 of the Lair of Beasts)

   It has been blessed by the Shining One to cause great damage to the undead
   and demons.
   It affects your intelligence (+2).
   It protects you from poison.
 o - a +5 hand axe
 F - the +14 obsidian axe {chop, +Fly Str+3 SInv *Curse}
   (Okawaru gifted it to you on level 1 of the Lair of Beasts)

   It inflicts extra damage upon your enemies.
   It affects your strength (+3).
   It lets you see invisible.
   It lets you fly.
   It may re-curse itself when equipped.
Missiles
 C - a throwing net (quivered)
 E - 4 javelins
Armour
 c - a +1 shield (worn)
 p - a +0 chain mail (worn)
Jewellery
 q - a ring of positive energy (left hand)
 x - an uncursed ring of flight
 D - a ring of protection from cold (right hand)
Wands
 r - a wand of random effects (12)
 A - a wand of disintegration (14)
Scrolls
 f - 6 scrolls of teleportation
 g - 4 scrolls of remove curse
 m - 14 scrolls of identify
 n - 2 scrolls of fear
 s - 3 scrolls of recharging
 u - a scroll of summoning
 v - 3 scrolls of magic mapping
 w - a scroll of fog
 y - 3 scrolls of enchant armour
Potions
 a - a potion of agility
 j - 3 potions of curing
 k - 2 potions of resistance
Books
 t - a book of Fire

   Spells                             Type                      Level
   a - Ignite Poison                  Fire/Transmutation/Poison    3
   b - Fireball                       Conjuration/Fire             5
   c - Bolt of Fire                   Conjuration/Fire             6
   d - Delayed Fireball               Conjuration/Fire             7
   e - Ring of Flames                 Charms/Fire                  7
 B - a Grand Grimoire

   Spells                             Type                      Level
   a - Monstrous Menagerie            Summoning                    6
   b - Summon Greater Demon           Summoning                    7
   c - Malign Gateway                 Summoning/Translocation      7
   d - Summon Horrible Things         Summoning                    8
Miscellaneous
 G - a phantom mirror
Comestibles
 b - 2 chunks of flesh
 e - 15 bread rations
 l - 6 meat rations
 z - 6 beef jerkies


   Skills:
 + Level 9.4 Fighting
 * Level 13.9 Axes
 + Level 0.2(9.2) Polearms
 + Level 11.2 Armour
 + Level 5.9 Dodging
 + Level 1.1 Stealth
 + Level 10.6 Shields
 + Level 1.2 Invocations


You had 10 spell levels left.
You didn't know any spells.

Dungeon Overview and Level Annotations

Branches:
Dungeon (11/15)            Temple (1/1) D:7            Lair (2/8) D:11
    Orc: D:9-12

Altars:
Ashenzari
Cheibriados
Dithmenos
Elyvilon
Fedhas
Gozag
Kikubaaqudgha
Makhleb
Nemelex Xobeh
Okawaru
Qazlal
Ru
Sif Muna
Trog
Vehumet
Xom
Yredelemnul
Zin
The Shining One


Innate Abilities, Weirdness & Mutations

You reflexively headbutt those who attack you in melee.
You have a pair of horns on your head.


Message History

You block the black mamba's attack. The black mamba bites you!
* * * LOW HITPOINT WARNING * * *
You block the seven-headed hydra's attack.
The seven-headed hydra bites you but does no damage.
The seven-headed hydra closely misses you.
The seven-headed hydra bites you but does no damage. x4
You puncture the seven-headed hydra!
The seven-headed hydra is severely wounded.
You block the black mamba's attack. The black mamba closely misses you.
The seven-headed hydra bites you.
* * * LOW HITPOINT WARNING * * *
You block the seven-headed hydra's attack.
The seven-headed hydra bites you.
* * * LOW HITPOINT WARNING * * *
The seven-headed hydra bites you!
* * * LOW HITPOINT WARNING * * *
The seven-headed hydra bites you!
* * * LOW HITPOINT WARNING * * *
The seven-headed hydra bites you.
You die...

................#
#.#..#.#####.#.###
..#..............## .. ....
P.#..#............# ...#....
.........≈####...## .....#....
P....#...## ##...# # ...........
..#......####≈..## .#...........#
.....#...........#r.#...........P
#....#........#.@S# #....>#......
..#.####.#PP####D./##.........#..
....######### l#%.##.....#...P.#
..÷.#.# .. ##P#.....#......
..P..################.....#......
..#.#.#........#....#............
..P.#........#..<#..#............
....P..............#....#........
.................#.÷#.......P....


You could see a seven-headed hydra, a komodo dragon, a black mamba and a
porcupine.

Vanquished Creatures
  A death yak (D:11)
  Urug (D:11)
  2 hill giants (D:11)
  An elephant (D:11)
  A centaur zombie (D:11)
  A gargoyle (D:9)
  3 trolls
  A two-headed ogre (D:10)
  A wraith (D:11)
  A wyvern (D:10)
  16 yaks
  2 hippogriffs
  A hungry ghost (D:8)
  4 wolves (Lair:2)
  8 water moccasins
  A soldier ant (D:11)
  2 porcupines (Lair:2)
  An orc warrior (D:9)
  4 sky beasts
  An ice beast (D:9)
  A necrophage (D:10)
  2 black bears
  6 ogres
  2 centaurs
  7 crocodiles
  3 gnoll sergeants
  6 big kobolds
  9 giant frogs
  18 killer bees
  An electric eel (Lair:1)
  A scorpion (D:10)
  4 wights (D:9)
  A quasit (D:10)
  4 crimson imps
  A gnoll shaman (D:9)
  3 giant frog zombies (D:5)
  2 jellies (D:10)
  2 centaur skeletons
  5 orc priests
  13 orc wizards
  7 hounds
  8 worker ants
  Natasha (thrice) (D:3)
  7 iguanas
  10 sheep
  A hound zombie (D:8)
  13 gnolls
  14 river rats
  15 adders
  A shadow imp (D:10)
  An ooze (D:3)
  2 adder zombies
  An adder skeleton (D:4)
  3 worms
  9 giant geckos
  34 orcs
  7 giant cockroaches
  14 hobgoblins
  8 jackals
  32 kobolds
  4 ball pythons
  A ball python skeleton (D:4)
  12 bats
  2 giant gecko skeletons
  4 giant newts
  8 goblins
  A jackal skeleton (D:8)
  4 quokkas
  3 quokka skeletons
  8 rats
  A fungus (Lair:2)
  3 plants (D:7)
385 creatures vanquished.

Notes
Turn   | Place    | Note
--------------------------------------------------------------
     0 | D:1      | Rex the Minotaur Fighter began the quest for the Orb.
     0 | D:1      | Reached XP level 1. HP: 19/19 MP: 0/0
   144 | D:1      | Reached XP level 2. HP: 24/27 MP: 1/1
   182 | D:1      | Reached skill level 4 in Fighting
   328 | D:1      | Reached XP level 3. HP: 31/33 MP: 2/2
   969 | D:2      | Reached XP level 4. HP: 20/40 MP: 3/3
  1609 | D:3      | Found a glowing silver altar of Zin.
  1852 | D:3      | Found a sparkling altar of Nemelex Xobeh.
  1969 | D:3      | Reached skill level 1 in Dodging
  2058 | D:3      | Noticed Natasha
  2064 | D:3      | Killed Natasha
  2064 | D:3      | Reached XP level 5. HP: 38/47 MP: 4/4
  2281 | D:3      | Noticed Natasha
  2286 | D:3      | Killed Natasha
  2286 | D:3      | Reached skill level 5 in Armour
  2392 | D:3      | Noticed Natasha
  2398 | D:3      | Killed Natasha
  2874 | D:4      | Reached XP level 6. HP: 46/53 MP: 5/5
  2879 | D:4      | Reached skill level 5 in Shields
  3583 | D:4      | Found a stormy altar of Qazlal.
  3593 | D:4      | Found a sacrificial altar of Ru.
  3600 | D:4      | Found a deep blue altar of Sif Muna.
  3642 | D:4      | Reached skill level 5 in Axes
  4006 | D:5      | Entered Level 5 of the Dungeon
  4131 | D:5      | Reached XP level 7. HP: 56/60 MP: 6/6
  4188 | D:5      | Reached skill level 6 in Armour
  4201 | D:5      | Reached skill level 5 in Fighting
  4646 | D:5      | Reached skill level 7 in Axes
  4646 | D:5      | Reached XP level 8. HP: 64/68 MP: 7/7
  5204 | D:7      | Reached skill level 8 in Axes
  5657 | D:7      | Reached skill level 9 in Axes
  5657 | D:7      | Reached XP level 9. HP: 39/75 MP: 8/8
  6019 | D:7      | Found a blossoming altar of Fedhas.
  6371 | D:7      | Found a staircase to the Ecumenical Temple.
  6383 | Temple   | Entered the Ecumenical Temple
  6405 | Temple   | Became a worshipper of Warmaster Okawaru
  7035 | D:7      | Reached skill level 10 in Axes
  7160 | D:7      | Reached * piety under Okawaru
  7781 | D:8      | Found an iron altar of Okawaru.
  8271 | D:9      | Reached XP level 10. HP: 73/84 MP: 9/9
  8778 | D:9      | Reached ** piety under Okawaru
  8778 | D:9      | Reached skill level 1 in Stealth
  9181 | D:9      | Noticed a gargoyle
  9210 | D:9      | Killed a gargoyle
  9210 | D:9      | Reached skill level 11 in Axes
  9778 | D:10     | Entered Level 10 of the Dungeon
  9922 | D:10     | Reached skill level 5 in Dodging
 10641 | D:10     | Reached *** piety under Okawaru
 11194 | D:11     | Found a staircase to the Lair.
 11194 | D:11     | Noticed an elephant
 11194 | D:11     | Noticed a death yak
 11221 | D:11     | Killed an elephant
 11230 | D:11     | Killed a death yak
 11230 | D:11     | Reached **** piety under Okawaru
 11230 | D:11     | Reached skill level 12 in Axes
 11230 | D:11     | Reached skill level 10 in Armour
 11476 | D:11     | Noticed Urug
 11496 | D:11     | Killed Urug
 11496 | D:11     | Reached XP level 11. HP: 56/94 MP: 10/10
 11964 | D:11     | Noticed a hill giant
 11976 | D:11     | Killed a hill giant
 12053 | D:11     | Reached skill level 1 in Invocations
 12220 | D:11     | Reached ***** piety under Okawaru
 12220 | D:11     | Reached skill level 10 in Shields
 12638 | D:11     | Noticed a hill giant
 12649 | D:11     | Killed a hill giant
 12935 | Lair:1   | Entered Level 1 of the Lair of Beasts
 13038 | Lair:1   | Got a scorched triple crossbow
 13353 | Lair:1   | Received a gift from Okawaru
 13693 | Lair:1   | Reached skill level 13 in Axes
 14324 | Lair:2   | Received a gift from Okawaru
 14329 | Lair:2   | Got a transparent trident {god gift}
 14330 | Lair:2   | Identified the +11 trident "Dory" {holy, rPois Int+2} (Okawaru gifted it to you on level 2 of the Lair of Beasts)
 15026 | Lair:2   | Noticed a six-headed hydra
 15034 | Lair:2   | HP: 2/97 [seven-headed hydra (9)]
 15034 | Lair:2   | Slain by a seven-headed hydra

Action                   |  1- 3 |  4- 6 |  7- 9 | 10-12 || total
-------------------------+-------+-------+-------+-------++-------
Melee: War axe           |    87 |    34 |       |       ||   121
       Hand axe          |       |   135 |   409 |   518 ||  1062
       Trident           |       |       |       |    50 ||    50
Throw: Throwing net      |       |       |       |     1 ||     1
Invok: Heroism           |       |       |       |     2 ||     2
  Use: Scroll            |     6 |     6 |     3 |     1 ||    16
       Potion            |     3 |     5 |     3 |     8 ||    19
  Eat: Chunk             |       |     8 |     8 |    11 ||    27
       Pizza             |       |     1 |       |       ||     1
       Bread ration      |       |     1 |       |     1 ||     2
       Fruit             |       |       |     2 |       ||     2
       Royal jelly       |       |       |     1 |     2 ||     3
       Beef jerky        |       |       |       |     2 ||     2
